 Dungeon Crawl Stone Soup version 0.22.1-2-g9c5b331383 (webtiles) character file.

167 Ihlosi the Ducker (level 5, -2/32 HPs)
             Began as a Kobold Gladiator on Dec 8, 2018.
             Slain by an iguana (10 damage)
             ... on level 4 of the Dungeon.
             The game lasted 00:06:24 (2697 turns).

Ihlosi the Ducker (Kobold Gladiator)                Turns: 2697, Time: 00:06:25

Health: -2/32      AC:  4    Str: 10 (11) XL:     5   Next: 76%
Magic:  5/5        EV: 16    Int:  9 (10) God:
Gold:   129        SH:  0    Dex: 14 (17) Spells: 4/4 levels left

rFire    . . .     SeeInvis .   a - +0 long sword
rCold    . . .     Gourm    .   (shield restricted)
rNeg     + . .     Faith    .   b - +0 leather armour
rPois    .         Spirit   .   c - +0 helmet
rElec    .         Reflect  .   (no cloak)
rCorr    .         Harm     .   (no gloves)
MR       .....                  (no boots)
Stlth    ++........             (no amulet)
HPRegen  0.10/turn              o - ring of positive energy
MPRegen  0.09/turn              (no ring)

@: no status effects
A: small, carnivore
a: no special abilities


You were on level 4 of the Dungeon.
You were completely stuffed.

You visited 1 branch of the dungeon, and saw 4 of its levels.

You collected 129 gold pieces.

Inventory:

Hand Weapons
 a - a +0 long sword (weapon)
Missiles
 l - 18 bolts
Armour
 b - a +0 leather armour (worn)
 c - a +0 helmet (worn)
Jewellery
 o - a ring of positive energy (left hand)
Wands
 d - a wand of flame (22)
 r - a wand of random effects (28)
Scrolls
 g - 3 scrolls of remove curse {unknown}
 h - a scroll of enchant weapon {unknown}
 i - 3 scrolls of teleportation {unknown}
 j - 2 scrolls of enchant armour {unknown}
 n - a scroll of magic mapping
Potions
 e - a potion of mutation
 k - 2 potions of flight
 m - a potion of curing
Comestibles
 f - 7 rations


   Skills:
 * Level 3.4 Fighting
 + Level 3.4 Long Blades
 - Level 2.1 Throwing
 * Level 1.7 Armour
 + Level 4.2 Dodging
 + Level 1.4 Stealth
 * Level 0.5 Evocations


You had 4 spell levels left.
You didn't know any spells.
Your spell library was empty.

Dungeon Overview and Level Annotations

Branches:
Dungeon (4/15)
 Temple: D:4-7

Altars:
Gozag
Zin


Innate Abilities, Weirdness & Mutations

You are small and have problems with some larger weapons.
You are carnivorous and can eat meat at any time.


Message History

The iguana barely misses you.
Evoke which item? (* to show all) (? for menu, Esc to quit)
Aiming: Throw Flame
Press: ? - help, Shift-Dir - straight line, f/p - iguana
Aim: an iguana (lightly wounded)
The puff of flame hits the iguana.
The iguana is moderately wounded.
The iguana closely misses you.
You riposte.
You hit the iguana but do no damage.
The iguana is moderately wounded.
You barely miss the iguana.
The iguana is moderately wounded.
You hear the rusting of a distant drain.
The iguana bites you!
You hit the iguana.
The iguana is severely wounded.
The iguana bites you!
* * * LOW HITPOINT WARNING * * *
The iguana bites you!
You die...

**,,,,,.......#...............#
***,,,,.......##..............#
,,,,,,,...................w...#
****,,,.......*#..............#
*,,,.......##..............#
**,,,...#*##...............#
**,,,,,,,#...........######
****,,***,#.#l#########
*,,,,,,,*,#,#@#
***,,,,,........#
*,,,,,,,....##.##
*****,,,,..,,*#.*
≈≈,**,,,,,,,,*#.*
***≈****,*,,,,..* ≈**,*
*,,,,,,..* *≈*≈* ***,,,...*
*≈*≈* *,,,,,**


You could see an iguana.

Vanquished Creatures
  A centaur skeleton (D:3)
  Jessica (D:2)
  Ijyb (D:4)
  An orc wizard (D:3)
  An adder (D:3)
  An adder skeleton (D:4)
  A worm (D:3)
  2 leopard geckos
  4 orcs
  A ball python (D:1)
  2 giant cockroaches (D:3)
  3 goblins
  7 hobgoblins
  5 kobolds
  5 bats
  2 frilled lizards
  9 rats
47 creatures vanquished.

Notes
Turn   | Place    | Note
-------+----------+-------------------------------------------
     0 | D:1      | Ihlosi the Kobold Gladiator began the quest for the Orb.
     0 | D:1      | Reached XP level 1. HP: 12/12 MP: 1/1
   168 | D:1      | Reached XP level 2. HP: 9/17 MP: 2/2
   811 | D:2      | Reached XP level 3. HP: 19/22 MP: 3/3
   825 | D:2      | Noticed Jessica
   840 | D:2      | Killed Jessica
  1162 | D:2      | Found a glowing silver altar of Zin.
  1204 | D:2      | Reached XP level 4. HP: 28/28 MP: 4/4
  1363 | D:2      | Reached skill level 4 in Dodging
  1428 | D:2      | Reached skill level 1 in Armour
  1986 | D:3      | Reached XP level 5. HP: 18/32 MP: 5/5
  2273 | D:3      | Reached skill level 1 in Stealth
  2288 | D:3      | Found an opulent altar of Gozag.
  2504 | D:4      | Noticed Ijyb
  2534 | D:4      | Killed Ijyb
  2697 | D:4      | Slain by an iguana

Skill      XL: |  1  2  3  4  5 |
---------------+----------------+-----
Fighting       | 3 |  3.4
Long Blades    | 3 |  3.4
Dodging        | 4 |  4.2
Armour         | 1 |  1.7
Stealth        | 1 |  1.4
Throwing       | |  2.1
Evocations     | |  0.5

Action                   |  1- 3 |  4- 6 || total
-------------------------+-------+-------++-------
Melee: Long sword        |    52 |   111 ||   163
Throw: Throwing net      |     3 |     2 ||     5
Evoke: Wand              |       |     4 ||     4
  Use: Scroll            |       |     5 ||     5
       Potion            |       |     3 ||     3
 Stab: Held in net/web   |     2 |     2 ||     4
       Invisible         |       |     2 ||     2
       Sleeping          |       |     2 ||     2
  Eat: Chunk             |     8 |     6 ||    14
Armor: Leather armour    |    16 |    26 ||    42
Dodge: Dodged            |    47 |    82 ||   129
       Rpst.: Long sword |    17 |    24 ||    41
